 Dungeon Crawl Stone Soup version 0.29-a0-563-g64e4043 (webtiles) character file.

Game seed: 16969201700741414540

275 Dawnplanks the Ruffian (level 6, -1/70 HPs)
             Began as a Draconian Transmuter on June 11, 2022.
             Slain by an ogre
             ... wielding a +0 giant club
              (15 damage)
             ... on level 4 of the Dungeon.
             The game lasted 00:06:12 (3297 turns).

Dawnplanks the Ruffian (Draconian Transmuter)       Turns: 3297, Time: 00:06:13

Health: -1/70      AC: 23    Str: 14    XL:     6   Next: 3%
Magic:  9/11       EV:  2    Int: 14    God:
Gold:   237        SH:  0    Dex: 11    Spells: 5/12 levels left

rFire   . . .      SeeInvis .   o - +1 dagger (speed)
rCold   . . .      Faith    .   (no shield)
rNeg    + . .      Spirit   .   (body armour unavailable)
rPois   +          Reflect  .   (helmet currently unavailable)
rElec   .          Harm     .   (cloak currently unavailable)
rCorr   .          Rampage  .   (gloves currently unavailable)
Will    .....      NoTele   +   (boots currently unavailable)
Stlth   +.........              (no amulet)
HPRegen 0.21/turn               c - ring of positive energy
MPRegen 0.12/turn               (no ring)

@: tree-form, wereblooded
A: stationary, stasis, torment immunity, boosted hp, AC +6, unfitting armour,
(cold-blooded)
a: no special abilities


You were on level 4 of the Dungeon.
You were a tree.
You visited 1 branch of the dungeon, and saw 4 of its levels.

You collected 237 gold pieces.

Inventory:

Hand Weapons
 o - a +1 dagger of speed (weapon)
Armour
 d - a +2 pair of gloves (melded)
 j - a +0 cloak (melded)
Jewellery
 c - a ring of positive energy (left branch)
Wands
 n - a wand of digging (6)
Scrolls
 f - 3 scrolls of teleportation {unknown}
 g - 3 scrolls of fog {unknown}
 i - 4 scrolls of identify {unknown}
 k - a scroll of blinking {unknown}
 l - a scroll of enchant armour {unknown}
 m - 2 scrolls of magic mapping {unknown}
Potions
 b - 4 potions of curing {unknown}
 e - 2 potions of brilliance {unknown}
 h - a potion of heal wounds {unknown}


   Skills:
 + Level 1.4 Fighting
 + Level 0.2 Short Blades
 + Level 2.5 Dodging
 + Level 4.6 Unarmed Combat
 + Level 3.6 Spellcasting
 + Level 3.2 Transmutations


You had 5 spell levels left.
You knew the following spells:

 Your Spells              Type           Power      Damage    Failure   Level
a - Beastly Appendage     Tmut           22%        N/A       5%          1
b - Wereblood             Tmut           11%        N/A       9%          2
c - Ice Form              Ice/Tmut       7%         N/A       71%         4

Your spell library contained the following spells:

 Spells                   Type           Power      Damage    Failure   Level
 Sublimation of Blood     Necr           2%         N/A       30%         2
 Spider Form              Tmut/Pois      7%         N/A       30%         3
 Stone Arrow              Conj/Erth      4%         3d7       52%         3
 Tukima's Dance           Hex            2%         N/A       52%         3
 Petrify                  Tmut/Erth      7%         N/A       71%         4
 Passage of Golubria      Tloc           2%         N/A       90%         4
 Irradiate                Conj/Tmut      3%         3d14      96%         5
 Yara's Violent Unravell  Hex/Tmut       3%         3d4       96%         5
 Lehudib's Crystal Spear  Conj/Erth      1%         10d2      100%        8
 Animate Armour           Summ/Erth      Unusable   N/A       N/A         4

Dungeon Overview and Level Annotations

Branches:
Dungeon (4/15)
 Temple: D:4-7

Altars:
Wu Jian

Shops:
D:1 (


Innate Abilities, Weirdness & Mutations

You are a tree.
Your roots penetrate the ground, keeping you stationary.
You cannot be teleported.
You are immune to unholy pain and torment.
Your maximum health is greatly increased.
Your equipment is partially melded.
((Your plain brown scales are hard. (AC +6)))
You cannot fit into any form of body armour.
((You are cold-blooded and may be slowed by cold attacks.))


Message History

You now have 237 gold pieces (gained 10).
Found 5 large rocks.
Found an ornate altar of the Wu Jian Council.
i - 4 scrolls labelled WECIWK RUIGHAG (gained 1)
A goblin comes into view. It is wielding a +0 club.
Found a stone staircase leading down.
Casting: Beastly Appendage (safe; 5% risk of failure)
Confirm with . or Enter, or press ? or * to list all spells.
You grow a pair of large bovine horns.
Your feet morph into talons.
An ogre and a hobgoblin come into view.
The ogre shouts!
The hobgoblin shouts!
Casting: Beastly Appendage (safe; 5% risk of failure)
Confirm with . or Enter, or press ? or * to list all spells.
Your blood is infused with primal strength.
You barely miss the ogre. You punch the ogre.
The ogre is lightly wounded.
You hit the ogre. Your kick misses the ogre.
The ogre is lightly wounded.
The ogre hits you with a +0 giant club!
You hit the ogre but do no damage. Your headbutt misses the ogre.
The ogre is lightly wounded.
An endoplasm comes into view.
A dart slug comes into view.
An endoplasm comes into view.
The endoplasm quivers. x2
You hit the ogre.
The ogre is moderately wounded.
The ogre hits you with a +0 giant club!!
Ouch! That really hurt!
* * * LOW HITPOINT WARNING * * *
You hear a shout!
Your horns disappear.
Your talons disappear.
You turn into a tree.
Your +0 cloak melds into your body.
Your +2 pair of gloves melds into your body.
Your roots penetrate the ground.
You barely miss the hobgoblin.
A quokka comes into view.
The hobgoblin hits you but does no damage.
The ogre hits you with a +0 giant club!
You die...

≈≈≈≈≈≈≈.# #.....
......≈.# #..r..
≈≈≈≈≈.≈.# #.#Jw
≈...§...# #.#..
≈§_.≈.≈.# #.#J#
§...≈.≈.# #.#.######.
≈≈≈≈..≈.#####.#.#......
§§....≈........g..$.>#
≈≈≈≈≈≈≈...###.#♣#.#.g.
..........###.#O#
..#######.....#.# .
#.....#.# ####.....#.#
###........#.#
...........#..
##.......#### #......(#


You could see an ogre, a dart slug, 2 endoplasms, a quokka (wandering) and a
hobgoblin.

Vanquished Creatures
  An orc priest (D:3)
  A jelly (D:4)
  Crazy Yiuf (D:2)
  An iguana (D:4)
  2 orc wizards (D:4)
  4 adders
  2 worms
  4 dart slugs
  6 orcs
  5 bats
  10 endoplasms
  2 giant cockroaches
  7 goblins
  5 hobgoblins
  2 jackals (D:4)
  2 kobolds
  3 quokkas
  7 ball pythons
  2 frilled lizards (D:1)
  4 rats
71 creatures vanquished.

Notes
Turn   | Place    | Note
-------+----------+-------------------------------------------
     0 | D:1      | Dawnplanks the Draconian Transmuter began the quest for the
                  | Orb.
     0 | D:1      | Reached XP level 1. HP: 16/16 MP: 3/3
   288 | D:1      | Found Gucvyo's Weapon Boutique.
   327 | D:1      | Reached XP level 2. HP: 19/23 MP: 3/5
   454 | D:1      | Found a faded altar of an unknown god.
  1086 | D:1      | Learned a level 2 spell: Wereblood
  1241 | D:2      | Reached XP level 3. HP: 28/28 MP: 2/6
  2058 | D:2      | Found a runed translucent door.
  2059 | D:2      | Noticed Crazy Yiuf
  2070 | D:2      | Killed Crazy Yiuf
  2071 | D:2      | Reached XP level 4. HP: 35/35 MP: 6/8
  2317 | D:3      | Reached skill level 4 in Unarmed Combat
  2540 | D:3      | Reached XP level 5. HP: 40/40 MP: 6/10
  3075 | D:4      | Learned a level 4 spell: Ice Form
  3147 | D:4      | Reached XP level 6. HP: 33/47 MP: 11/11
  3275 | D:4      | Found an ornate altar of the Wu Jian Council.
  3297 | D:4      | Slain by an ogre

Illustrated notes

Levels and vault maps discovered:
D:1:      lightli_arrival_boilingwater, layout_loops_ring,
          basic_ecumenical_altar, serial_shops,
          nicolae_shop_bloodbath_and_beyond
D:2:      cheibrodos_helix_gallery, layout_loops_cross,
          grunt_decor_mini_mirrors, uniq_crazy_yiuf_cottage
D:3:      layout_rooms
D:4:      minmay_wonky_spiral, layout_basic,
          mainiacjoe_overflow_concentric_impassable, minmay_misc_feat_room,
          minmay_misc_feat_doors

Skill      XL: |  1  2  3  4  5 |
---------------+----------------+-----
Dodging        | 2 |  2.5
Spellcasting   | 3 |  3.6
Unarmed Combat | 4 |  4.6
Transmutations | 3 |  3.2
Fighting       | |  1.4
Short Blades   | |  0.2

Action                   |  1- 3 |  4- 6 || total
-------------------------+-------+-------++-------
Melee: Unarmed           |    96 |    67 ||   163
       Kick              |    18 |    20 ||    38
       Tailslap          |     7 |    14 ||    21
       Headbutt          |    12 |    16 ||    28
       Punch             |     2 |     5 ||     7
       Dagger            |       |    47 ||    47
 Cast: Beastly Appendage |    24 |    15 ||    39
       Wereblood         |     2 |     8 ||    10
  Use: Potion            |       |     2 ||     2
Armor: Skin              |    24 |    74 ||    98
Dodge: Dodged            |    55 |    48 ||   103

Table legend: (Time is in decaauts)
 A = Elapsed time spent in this place.
 B = Non-inter-level travel time spent in this place.
 C = Inter-level travel time spent in this place.
 D = Time resting spent in this place.
 E = Time spent auto-exploring this place.
 F = Levels seen in this place.
 G = Mean time per level.
                   A        B        C        D        E       F      G
               +--------+--------+--------+--------+--------+-----+--------+
         Total |   3281 |   3224 |     57 |    247 |   2515 |   4 |  820.2 |
       Dungeon |   3281 |   3224 |     57 |    247 |   2515 |   4 |  820.2 |
               +--------+--------+--------+--------+--------+-----+--------+

Top non-repeatable levels by time:
     D:2: 1193 daAuts
     D:1: 1107 daAuts
     D:3: 594 daAuts
     D:4: 385 daAuts
